Cogmind - Beta 16.1 @@@ ROGUE MODE // 2026.04.12 @ 18:56:08 Player: Lazz Result: Destroyed by YH-1B5(j) with Overtuned Pulse Rifle Performance ------------- Evolutions (0) 0 Regions Visited (4) 800 Robots Destroyed (10) 50 Value Destroyed (134) 134 Prototype IDs (2) 40 Alien Tech Used (0) 0 Bonus (702) 702 TOTAL SCORE: 1726 Bonus ------- Registered with UFD 300 Met Optimus in HQ 500 Friendly Fire -98 Cogmind --------- Core Integrity 0/250 Matter 160/300 Energy 68/100 System Corruption 0% Temperature Cool (24) Movement Walking (150) Location -9/Scraptown Parts ------- > --- POWER (1) -------- (None) > --- PROPULSION (2) --- Assembled Alloy Leg > --- UTILITY (2) ------ Large Storage Unit Advanced Terrain Scanner > --- WEAPON (2) ------- Maul > --- INVENTORY (15) --- Spiked Treads Spiked Treads Improved Medium Treads Energy Well (350) Enhanced Optical Array Hacking Suite Arc Projector High-powered Shotgun Compact Gauss Rifle Rocket Launcher DRS Beacon (Ready) Deploy-a-Sentry Botcube Peak State ------------ > --- POWER ------------ Angular Momentum Engine > --- PROPULSION ------- Wheel Armored Wheel > --- UTILITY ---------- Large Storage Unit Advanced Terrain Scanner > --- WEAPON ----------- Thermic Laser Maul > --- INVENTORY -------- Spiked Treads Spiked Treads Improved Medium Treads Assembled Alloy Leg Energy Well Enhanced Optical Array Hacking Suite Arc Projector High-powered Shotgun Rocket Launcher DRS Beacon Deploy-a-Sentry Botcube [Rating: 27] Favorites ----------- Power Angular Momentum Engine Engine Angular Momentum Engine Propulsion Light Treads Treads Light Treads Leg Assembled Alloy Leg Wheel Armored Wheel Utility Small Storage Unit Device Advanced Terrain Scanner Storage Small Storage Unit Weapon EM Pulse Gun Energy Gun EM Pulse Gun Ballistic Gun Battle Rifle Special Weapon Mining Laser Impact Weapon Maul Build | -11 -10 -10 -9 -9 ------- Run | Yrd Mat Sub Rec Scr Slots Evolved . | . . . . . Power . | . . . . . Propulsion . | . . . . . Utility . | . . . . . Weapon . | . . . . . Parts Attached 24 | 9 . 1 2 12 Power 2 | 1 . . . 1 Engine 2 | 1 . . . 1 Core . | . . . . . Reactor . | . . . . . Propulsion 10 | 3 . . 1 6 Treads 7 | 2 . . 1 4 Leg 1 | . . . . 1 Wheel 2 | 1 . . . 1 Hover . | . . . . . Flight . | . . . . . Utility 5 | 2 . . . 3 Device 2 | 1 . . . 1 Storage 3 | 1 . . . 2 Processor . | . . . . . Hackware . | . . . . . Protection . | . . . . . Artifact . | . . . . . Weapon 7 | 3 . 1 1 2 Energy Gun 3 | 2 . . . 1 Energy Cannon . | . . . . . Ballistic Gun 2 | 1 . . 1 . Ballistic Cannon . | . . . . . Launcher . | . . . . . Special Weapon 1 | . . 1 . . Impact Weapon 1 | . . . . 1 Slashing Weapon . | . . . . . Piercing Weapon . | . . . . . Special Melee Weapon . | . . . . . Unidentified Prototypes . | . . . . . Parts Lost 7 | . . 1 2 4 Power 2 | . . . 1 1 Propulsion 2 | . . . . 2 Utility 1 | . . . 1 . Weapon 2 | . . 1 . 1 Highest Loss Streak 4 | . . 1 2 4 To Critical Strikes . | . . . . . Average Backups 8 | 1 3 3 5 11 Power . | . . . . . Propulsion 2 | . 1 1 1 2 Utility 2 | . . . 1 3 Weapon 4 | . 2 1 2 5 Tool/Special . | . . . . . Unused Backups 10 | . . . . 10 Power . | . . . . . Propulsion . | . . . . . Utility 4 | . . . . 4 Weapon 6 | . . . . 6 Tool/Special . | . . . . . Average Slot Usage (%) 95 | . 100 100 94 94 Engine 11 | . 14 14 11 10 Treads 21 | . 28 28 28 17 Wheel 6 | . . . . 10 Device 11 | . 14 14 11 10 Storage 15 | . 14 14 14 16 Energy Gun 13 | . 14 10 14 13 Ballistic Gun 12 | . 14 14 14 11 Impact Weapon 1 | . . . . 2 Peak Build Rating 27 | 9 9 9 10 27 Average Rating 14 | 5 9 8 9 19 On Entrance 6 | . 9 9 9 7 Avg Prop Armor Cover (%) 9 | 8 . . . 10 Naked Turns . | . . . . . Heaviest Build 41 | 13 13 13 13 41 Greatest Support 50 | 40 40 40 40 50 Greatest Overweight (x) 3 | 1 . . . 3 Average Overweight (x) . | . . . . . Largest Inventory Capacity 15 | 8 8 8 8 15 Average Capacity 11 | 7 8 8 8 14 Most Carried 15 | 3 3 4 8 15 Average Carried 9 | 1 3 3 5 12 Final Capacity 15 | 8 8 8 8 15 Final Carried 13 | 3 3 4 8 13 Class Distribution -------------------- 100% | Mutant Dominant Class ---------------- Mutant | -10/Materials Mutant | -10/Subcaves Mutant | -9/Recycling Mutant | -9/Scraptown Resources | -11 -10 -10 -9 -9 ----------- Run | Yrd Mat Sub Rec Scr Matter Collected 361 | 311 . 22 23 5 Remotely . | . . . . . Salvage Created 337 | 192 . 40 56 49 Parts 24 | 12 . 8 4 . Haulers Intercepted . | . . . . . Recyclers Shooed . | . . . . . Parts Field Recycled . | . . . . . Retrieved Matter . | . . . . . Parts Self-Destructed 14 | . . 14 . . Prevented . | . . . . . Parts Restored . | . . . . . Kills | -11 -10 -10 -9 -9 ------- Run | Yrd Mat Sub Rec Scr Combat Hostiles Destroyed 4 | . . 3 1 . Guns 4 | . . 3 1 . Classes Destroyed 6 | 3 . 2 1 . Worker 2 | 2 . . . . Tunneler 3 | 3 . . . . Recycler 1 | 1 . . . . Swarmer 2 | . . 2 . . Sentry 1 | . . . 1 . Subdweller 1 | . . 1 . . Packrat 1 | . . . . 1 Best Kill Streak 5 | 5 . 2 1 . Combat Bots Only 2 | . . 2 1 . Max Kills in Single Turn 1 | 1 . 1 1 1 Gunslinging . | . . . . . Exploded . | . . . . . Melee . | . . . . . Uniques/NPCs Destroyed . | . . . . . Combat | -11 -10 -10 -9 -9 -------- Run | Yrd Mat Sub Rec Scr Hostile Shots Fired 133 | . . 91 6 36 Missed 51 | . . 39 1 11 Hits 82 | . . 52 5 25 Projectile 82 | . . 52 5 25 Critical Strikes 1 | . . . . 1 Damage Taken 1043 | . . 463 69 511 Core 251 | . . 95 15 141 Absorbed by Shields . | . . . . . Core Remaining (%) 100 | 100 . . . . Volleys Fired 36 | 21 . 13 1 1 Largest 2 | 2 . 2 2 1 Hottest 100 | 60 . 100 65 85 Shots Fired 63 | 38 . 20 4 1 Gun 57 | 38 . 14 4 1 Cannon . | . . . . . Launcher . | . . . . . Special 6 | . . 6 . . Kinetic 29 | 21 . 7 1 . Thermal 33 | 17 . 13 2 1 Explosive . | . . . . . Electromagnetic 1 | . . . 1 . Robot Hit Streak 5 | 5 . 2 4 . Robot Miss Streak 4 | 4 . 2 . . Penetration Max . | . . . . . Secondary Targets 1 | . . 1 . . Max Gunslinging Chain 1 | . . 1 . . Shots Hit Robots 31 | 19 . 8 3 1 Core Hits 15 | 8 . 5 2 . Critical Kills . | . . . . . Critical Parts Destroyed . | . . . . . Critical Strikes 1 | . . . 1 . Corrupt 1 | . . . 1 . Melee Attacks 3 | . . . . 3 Impact 3 | . . . . 3 Slashing . | . . . . . Piercing . | . . . . . Sneak Attacks 1 | . . . . 1 Combat Hostiles . | . . . . . Follow-up Attacks . | . . . . . Damage Inflicted 429 | 203 . 105 43 78 Guns 302 | 203 . 57 42 . Cannons . | . . . . . Explosions . | . . . . . Melee 78 | . . . . 78 Ramming 1 | . . . 1 . Kinetic 106 | 65 . 22 19 . Thermal 233 | 138 . 83 12 . Explosive . | . . . . . Electromagnetic 11 | . . . 11 . Impact 78 | . . . . 78 Slashing . | . . . . . Piercing . | . . . . . Highest Corruption 1 | . . . 1 . Average Corruption 1 | . . . 1 . Corruption Purged . | . . . . . Corruption Blocked . | . . . . . Effects 8 | . . . 8 . Matter Fused 1 | . . . 1 . Energy Discharges 1 | . . . 1 . Parts Fused 1 | . . . 1 . Data Loss (minor) 1 | . . . 1 . Data Loss (major) 2 | . . . 2 . Misfires 2 | . . . 2 . Overload Shots . | . . . . . Overflow Damage 48 | . . . . 48 Projectiles . | . . . . . Explosions . | . . . . . Melee 48 | . . . . 48 Knockbacks 1 | . . . . 1 Impact 1 | . . . . 1 Kinetic . | . . . . . Secondary . | . . . . . Self-Inflicted Damage . | . . . . . Shots . | . . . . . Rammed 1 | . . . 1 . Targets Rammed 1 | . . . 1 . Kicked . | . . . . . Crushed . | . . . . . Highest Temperature 60 | 60 . . 14 56 Average Temperature 28 | 31 . . 5 30 Received Heat Transfer 451 | . . 234 18 199 Siege Activations . | . . . . . Martial Activations . | . . . . . Shielding Activations . | . . . . . Robots Disrupted . | . . . . . Combat Hostiles . | . . . . . Robots Corrupted 1 | . . . . 1 Combat Hostiles . | . . . . . Parts Fried . | . . . . . Impact Corruptions 2 | . . . . 2 Robots Melted . | . . . . . Combat Hostiles . | . . . . . Parts Melted . | . . . . . Heat Transferred 525 | 325 . 175 25 . Parts Sabotaged . | . . . . . Parts Stolen . | . . . . . Parts Stripped . | . . . . . Power Chain Reactions . | . . . . . Alert | -11 -10 -10 -9 -9 ------- Run | Yrd Mat Sub Rec Scr Maximum Alert Level . | . . . . . Low Security (%) 100 | 100 100 . 100 . Level 1 . | . . . . . Level 2 . | . . . . . Level 3 . | . . . . . Level 4 . | . . . . . Level 5 . | . . . . . High Security . | . . . . . Max Security . | . . . . . Peak Influence 36 | 15 . . 36 . Initial 36 | . . . 36 . Average 2 | 2 . . 2 . Influence Increases 177 | 30 . 100 47 . Destroy 0b10 Robot/C 60 | . . 40 20 . Destroy 0b10 Robot/NC 30 | 30 . . . . Successful Hack 27 | . . . 27 . Lose Combat Pursuer 60 | . . 60 . . Influence Decreases 177 | 30 . 24 123 . Entered New Map 40 | . . . 40 . Time Decay 137 | 30 . 24 83 . Squads Dispatched . | . . . . . Investigation . | . . . . . Extermination . | . . . . . Reinforcement . | . . . . . Assault . | . . . . . Garrison . | . . . . . Intercept . | . . . . . Searches Triggered . | . . . . . Construction Impeded . | . . . . . Haulers Reinforced . | . . . . . Active Scanning Responses . | . . . . . Cargo Convoy Interrupts . | . . . . . Stealth | -11 -10 -10 -9 -9 --------- Run | Yrd Mat Sub Rec Scr Distress Signals . | . . . . . Communications Jammed . | . . . . . Distress Signals . | . . . . . Times Spotted 14 | . . 7 1 6 Peak Tracking Total 6 | . . 5 1 6 Tactical Retreats 2 | . . 2 . . Traps | -11 -10 -10 -9 -9 ------- Run | Yrd Mat Sub Rec Scr Traps Triggered . | . . . . . Indirectly . | . . . . . Trap Hack Attempts . | . . . . . Triggered . | . . . . . Disarmed . | . . . . . Reprogrammed . | . . . . . Reused . | . . . . . Traps Extracted . | . . . . . Installed . | . . . . . Triggered . | . . . . . Machines | -11 -10 -10 -9 -9 ---------- Run | Yrd Mat Sub Rec Scr Machines Disabled 2 | . . . . 2 Max in Single Turn 1 | . . . . 1 Machines Repaired . | . . . . . Machines Dismantled . | . . . . . Machines Sabotaged . | . . . . . Overloaded Fab Kills . | . . . . . Hacking | -11 -10 -10 -9 -9 --------- Run | Yrd Mat Sub Rec Scr Machines Accessed 7 | . 1 . 5 1 Terminals 6 | . 1 . 5 . Fabricators . | . . . . . Repair Stations . | . . . . . Recycling Units . | . . . . . Scanalyzers . | . . . . . Garrison Access . | . . . . . Total Hacks 21 | . 4 . 9 8 Successful 12 | . . . 4 8 Failed 9 | . 4 . 5 . Catastrophic 2 | . 1 . 1 . Database Lockouts . | . . . . . Manual 9 | . 4 . 5 . Terminals 13 | . 4 . 9 . Fabricators . | . . . . . Repair Stations . | . . . . . Recycling Units . | . . . . . Scanalyzers . | . . . . . Garrison Access . | . . . . . Terminal Hacks 12 | . . . 4 8 Record 8 | . . . . 8 Part Schematic 1 | . . . 1 . Robot Analysis 3 | . . . 3 . Fabricator Hacks . | . . . . . Repair Station Hacks . | . . . . . Recycling Unit Hacks . | . . . . . Scanalyzer . | . . . . . Garrison Access Hacks . | . . . . . Unauthorized Hacks . | . . . . . Terminals . | . . . . . Fabricators . | . . . . . Repair Stations . | . . . . . Recycling Units . | . . . . . Scanalyzers . | . . . . . Garrison Access . | . . . . . Data Cores Recovered . | . . . . . Used . | . . . . . Hacking Detections 6 | . 1 . 5 . Full Trace Events 4 | . 1 . 3 . Feedback Events 1 | . . . 1 . Corruption 1 | . . . 1 . Feedback Blocked . | . . . . . Robot Schematics Acquired . | . . . . . Robots Built . | . . . . . Authchips . | . . . . . Time . | . . . . . Total Robot Build Rating . | . . . . . Part Schematics Acquired 1 | . . . 1 . Parts Built . | . . . . . Authchips . | . . . . . Time . | . . . . . Total Part Build Rating . | . . . . . Part Studies Acquired . | . . . . . Parts Repaired . | . . . . . Time . | . . . . . Parts Recycled . | . . . . . Recycled Matter . | . . . . . Retrieved Matter . | . . . . . Retrieved Components . | . . . . . Parts Scanalyzed . | . . . . . Part Schematics Acquired . | . . . . . Parts Damaged . | . . . . . Bothacking | -11 -10 -10 -9 -9 ------------ Run | Yrd Mat Sub Rec Scr Used RIF Installer . | . . . . . Robots Hacked . | . . . . . Non-combat . | . . . . . Combat . | . . . . . Robot Hacks Applied . | . . . . . Relay Couplers Released . | . . . . . Fabnet Peak Effective % . | . . . . . Robots Rewired . | . . . . . Allies Hacked . | . . . . . Hacks Repelled . | . . . . . Allies | -11 -10 -10 -9 -9 -------- Run | Yrd Mat Sub Rec Scr Total Allies . | . . . . . Largest Group . | . . . . . Highest-Rated Group . | . . . . . Highest-Rated Ally . | . . . . . Total Orders . | . . . . . Ally Attacks . | . . . . . Total Damage . | . . . . . Kills . | . . . . . Allies Corrupted . | . . . . . Allies Melted . | . . . . . Intel | -11 -10 -10 -9 -9 ------- Run | Yrd Mat Sub Rec Scr Active Infowar (turns) 3428 | 19 91 561 879 1878 Terrain 3428 | 19 91 561 879 1878 Robot Analysis Total 3 | . . . 3 . Derelict Logs Recovered . | . . . . . Drone Launches . | . . . . . Drone Recoveries . | . . . . . Exploration | -11 -10 -10 -9 -9 ------------- Run | Yrd Mat Sub Rec Scr Turns Passed 4407 | 160 91 561 1082 2513 Spaces Moved 2314 | 59 38 320 610 1287 Core 4 | 4 . . . . Treads 1969 | 52 38 320 610 949 Legs 6 | . . . . 6 Wheels 335 | 3 . . . 332 Hover . | . . . . . Flight . | . . . . . Fastest Speed 50 | 50 160 160 160 100 Average Speed 151 | 149 160 160 160 144 Slowest Speed 240 | 160 160 160 160 240 Overloaded Moves . | . . . . . Propulsion Burnouts . | . . . . . Robots Hopped . | . . . . . Potential Cave-ins . | . . . . . Cave-ins Triggered . | . . . . . Exploration Rate (%) 43 | 5 8 28 94 81 Regions Visited 4 Branch Regions 3 Pre-discovered Areas . | . . . . . Known Exits Taken . | . . . . . Unknown Exits Taken 4 | 1 1 1 1 . Scrap Searched 3 | . . . . 3 Spaces Dug . | . . . . . Terrain Destroyed . | . . . . . Melee . | . . . . . Projectile . | . . . . . AOE . | . . . . . Terrain Rammed . | . . . . . Walls Destroyed . | . . . . . Machines Disabled . | . . . . . Actions | -11 -10 -10 -9 -9 --------- Run | Yrd Mat Sub Rec Scr Total 3150 | 93 68 338 712 1939 Wait 729 | 2 31 2 95 599 Move 2310 | 58 37 319 609 1287 Hop . | . . . . . Pick Up 24 | 3 . 2 3 16 Fast Attach 11 | 7 . . . 4 Attach 3 | . . 1 . 2 Detach 2 | . . . . 2 Swap 16 | 2 . 1 3 10 Drop 15 | . . . . 15 Fire 36 | 21 . 13 1 1 Melee 3 | . . . . 3 Ram . | . . . . . Kick . | . . . . . Crush 1 | . . . 1 . Escape Stasis . | . . . . . Rewire . | . . . . . Trap . | . . . . . Miscellaneous . | . . . . . Route ------- -11/Scrapyard -10/Materials -10/Subcaves -9/Recycling (discovered 2 exits: [*Fac] / *Scr) -9/Scraptown (discovered 1 exit: [Fac]) History --------- Turn | Location | Event 12 | -11/Scrapyard | Discovered new exit (range 15) 161 | -11/Scrapyard | Entered Materials 242 | -10/Materials | Discovered new exit (range 6) 252 | -10/Materials | Entered Subcaves 315 | -10/Subcaves | Build established: Mutant 791 | -10/Subcaves | Discovered new exit (range 15) 813 | -10/Subcaves | Entered Recycling 1637 | -9/Recycling | Discovered new exit (range 15) 1855 | -9/Recycling | Scanned before Scraplab entrance 1879 | -9/Recycling | Entered Scraplab 1892 | -9/Recycling | Discovered new exit (range 2) 1895 | -9/Recycling | Entered Scraptown 1895 | -9/Scraptown | System corruption cleaned by C-Scrubber 2164 | -9/Scraptown | Visited Symbiants 2225 | -9/Scraptown | Visited Cave Peace 2268 | -9/Scraptown | Visited Assassins FH 2291 | -9/Scraptown | Visited TADAMA 2791 | -9/Scraptown | Visited UFD Registry 2792 | -9/Scraptown | Registered with UFD as "Thunderunit" 2831 | -9/Scraptown | Visited Derelict Rescue Squad 2840 | -9/Scraptown | Found DRS Beacon 2923 | -9/Scraptown | Visited Junk Repository 3150 | -9/Scraptown | Visited Botcube Research 3157 | -9/Scraptown | Found Botcube 3225 | -9/Scraptown | Visited LU-1G1's Boring Crew 3298 | -9/Scraptown | Visited Curators Association 3343 | -9/Scraptown | Visited Research Penetration Think Tank 3385 | -9/Scraptown | Visited Cartography Club 3533 | -9/Scraptown | Discovered new exit (range 15) 3737 | -9/Scraptown | Visited Scrapoid Research Area 3750 | -9/Scraptown | Visited Supply Room 3956 | -9/Scraptown | Met Optimus 3956 | -9/Scraptown | Accepted into 0bPrime 4356 | -9/Scraptown | Civil war broke out across Scraptown 4361 | -9/Scraptown | Core integrity fell below 50% 4363 | -9/Scraptown | Found Deploy-a-Sentry 4381 | -9/Scraptown | Attacked by Scraptown defenders 4402 | -9/Scraptown | Core integrity fell below 20% 4408 | -9/Scraptown | Destroyed by YH-1B5(j) with Overtuned Pulse Rifle Last Messages --------------- 04373_ Acquired Asb. Alloy Leg. 04380_ Sneak attack on 9M-33H(r). 04380_ Destroyed Com. Wheel. 04380_ 9M-33H(r) system corrupted by crushing effect. 04380_ 9M-33H(r) knocked back. 04381_ 9M-33H(r) system terminally corrupted. 04385_ Acquired Com. Gauss Rifle. 04391_ Optimus: "My trust in you was sorely misplaced, Thunderunit!" 04394_ Wheel destroyed. 04397_ Penetrated by Slug. 04397_ Slug penetrates Machine. 04398_ Thermic Laser destroyed. 04399_ Critical hit (Burn: +50). 04399_ Penetrated by Slug. 04399_ Angular Momentum Engine destroyed. 04405_ 4Q-YY6(E): "We are one!" 04406_ Slug penetrates Machine. 04406_ Arm. Wheel destroyed. Map ----- +----------------------------------------------------+ | ?#???????????#????#?#?#??#???###?#??????? ??##?#?# | | ??#?#????""#???"?#"? ????"#??????????????